 Dungeon Crawl Stone Soup version 0.32-a0-38-gb04dd89b9b (webtiles) character file.

Game seed: 5979596045499900880

23 Newt the Shooter (level 3, 0/24 HPs)
             Began as a Kobold Hunter on Jan 23, 2024.
             Slain by an adder (1 damage)
             ... on level 2 of the Dungeon.
             The game lasted 00:00:37 (813 turns).

Newt the Shooter (Kobold Hunter)                     Turns: 813, Time: 00:00:38

Health: 0/24       AC:  3    Str:  8    XL:     3   Next: 12%
Magic:  3/3        EV: 14    Int: 10    God:
Gold:   31         SH:  0    Dex: 20    Spells: 2/2 levels left

rFire   + . .        a - +0 shortbow
rCold   + . .        (shield currently unavailable)
rNeg    + . .        c - +0 leather armour
rPois   +            (no helmet)
rElec   +            (no cloak)
rCorr   +            (no gloves)
SInv    .            (no boots)
Will    .....        (no amulet)
Stlth   +++          f - ring of positive energy
HPRegen 0.24/turn    (no ring)
MPRegen 0.08/turn

%: no passive effects
@: lethally poisoned (0 -> -7), resistant
A: small, no large weapons, nightstalker 3
a: no special abilities


You were on level 2 of the Dungeon.
You visited 1 branch of the dungeon, and saw 2 of its levels.

You collected 31 gold pieces.

Inventory:

Hand Weapons
 a - a +0 shortbow (weapon)
Armour
 c - a +0 leather armour (worn)
Jewellery
 f - a ring of positive energy (left hand)
Scrolls
 b - a scroll of butterflies
Potions
 h - a potion of degeneration


   Skills:
 + Level 3.7 Fighting
 - Level 5.3 Ranged Weapons
 - Level 2.4 Dodging
 - Level 1.3 Stealth


You had 2 spell levels left.
You didn't know any spells.
Your spell library contained the following spells:

 Spells                   Type           Power      Damage    Failure   Level
 Sting                    Conj/Alch      0%         1d3       50%         1
 Ensorcelled Hibernation  Hex/Ice        0%         N/A       63%         2
 Mercury Vapours          Alch/Air       0%         N/A       63%         2
 Passwall                 Erth           0%         N/A       86%         3
 Swiftness                Air            0%         N/A       86%         3
 Olgreb's Toxic Radiance  Alch           0%         N/A       99%         4


Dungeon Overview and Level Annotations

Branches:
Dungeon (2/15)

Altars:


Innate Abilities, Weirdness & Mutations

You are small and have problems with some larger weapons.
You are completely attuned to the shadows.


Message History

You are poisoned.
The adder poisons you!
You shoot an arrow. The arrow closely misses the adder.
You feel sick. The adder bites you but does no damage.
You shoot an arrow. The arrow closely misses the adder.
You feel sick. The adder misses you. The adder closely misses you.
You shoot an arrow. The arrow hits the adder.
The adder is severely wounded.
You feel sick. The adder bites you.
You shoot an arrow. The arrow closely misses the adder.
You feel sick. The adder closely misses you. The adder bites you.
You are more poisoned.
The adder poisons you!
You shoot an arrow. The arrow hits the adder.
The adder is severely wounded.
You feel sick. The adder misses you.
You shoot an arrow. The arrow barely misses the adder.
You feel sick. The adder bites you but does no damage. The adder bites you.
You are too injured to fight recklessly!
Unknown command.
You shoot an arrow.
The arrow hits the adder but does no damage.
The adder is severely wounded.
You feel sick. The adder closely misses you. The adder bites you.
You are more poisoned.
The adder poisons you!
Unknown command.
You shoot an arrow. The arrow closely misses the adder.
You feel sick. The adder bites you but does no damage.
Unknown command.
You shoot an arrow. The arrow misses the adder.
You feel sick. The adder bites you.
* * * LOW HITPOINT WARNING * * *
You are lethally poisoned!
The adder poisons you! The adder barely misses you.
Unknown command.
You feel protected.
* * * LOW HITPOINT WARNING * * *
You feel sick. The adder bites you.
You die...

******,,,,,,,,***,,,,,,,*,,
*,,,,,,,,,,,,,,,,,,*,,
*,,,,,,,***,,,,,,,,+,,
*,,,,,,,,,,,,,,,,,,*,,
********.......?.,,,,*,,,,*+*
*,,,,,,*)?.....†.,,,,,,,,,,,,
*,,,,,,,.....†.######.....,,,
**,,,,,,,....S......##.....,,,
*,,,*,,,,..†.@......##.....,,,
*,,,*,,,,..##.......##.....,,,
*,,,,,,,,,,*#.......##.....,,,
*,,,,,,,,,,*#..............,,,
*,,,,,,,,***#..............,,,
*,,,*,,,,***######.........,,,
*,,,*,,,,,,,,..............,,,
*****,,,,,,,,..............,,*
*,,,,,,,,..............,,*


You could see an adder.

Vanquished Creatures
  3 dart slugs
  2 bats (D:1)
  An endoplasm (D:2)
  A giant cockroach (D:1)
  2 hobgoblins (D:1)
  3 kobolds (D:1)
  A quokka (D:1)
  A ball python (D:1)
  4 rats
18 creatures vanquished.

Notes
Turn   | Place    | Note
-------+----------+-------------------------------------------
     0 | D:1      | Newt the Kobold Hunter began the quest for the Orb.
     0 | D:1      | Reached XP level 1. HP: 12/12 MP: 1/1
   325 | D:1      | Reached XP level 2. HP: 18/18 MP: 2/2
   798 | D:2      | Reached XP level 3. HP: 23/23 MP: 3/3
   813 | D:2      | HP: 1/24 [poisoned by an adder]
   813 | D:2      | Slain by an adder

Illustrated notes

Levels and vault maps discovered:
D:1:      psy_arrival_spokes, layout_loops_ring
D:2:      layout_basic, chequers_serial_rivers_small_a

Skill      XL: |  1  2 |
---------------+-------+-----
Fighting       | 3 |  3.7
Ranged Weapons | |  5.3
Dodging        | |  2.4
Stealth        | |  1.3

Action                     || total
---------------------------++-------
   Fire: Shortbow          ||    50
    Use: Scroll            ||     4
         Potion            ||     1
 Armour: Leather armour    ||    12
  Dodge: Dodged            ||     9

Table legend: (Time is in decaauts)
 A = Elapsed time spent in this place.
 B = Non-inter-level travel time spent in this place.
 C = Inter-level travel time spent in this place.
 D = Time resting spent in this place.
 E = Time spent auto-exploring this place.
 F = Levels seen in this place.
 G = Mean time per level.
                   A        B        C        D        E       F      G
               +--------+--------+--------+--------+--------+-----+--------+
         Total |    821 |    798 |     23 |      0 |    706 |   2 |  410.5 |
       Dungeon |    821 |    798 |     23 |      0 |    706 |   2 |  410.5 |
               +--------+--------+--------+--------+--------+-----+--------+

Top non-repeatable levels by time:
     D:1: 770 daAuts
     D:2: 51 daAuts
